 Dungeon Crawl Stone Soup version 0.19-a0-713-g934ebc7 (webtiles) character file.

1548 Gorice the Cleaver (level 8, -1/66 HPs)
             Began as a Hill Orc Abyssal Knight on June 19, 2016.
             Was an Elder of Lugonu.
             Killed from afar by a deep elf mage (12 damage)
             ... with a bolt of negative energy
             ... on level 6 of the Dungeon on June 20, 2016.
             The game lasted 00:27:30 (5971 turns).

Gorice the Cleaver (Hill Orc Abyssal Knight)        Turns: 5971, Time: 00:27:30

Health: -1/66      AC: 13    Str: 17    XL:     8   Next: 87%
Magic:  9/9        EV:  7    Int: 12    God:    Lugonu [****..]
Gold:   243        SH:  0    Dex: 10    Spells: 0 memorised, 7 levels left

rFire  . . .     SeeInvis .     a - +0 war axe
rCold  + . .     Gourm    .     j - +0 chain mail
rNeg   . . .     Faith    .     (no shield)
rPois  .         Spirit   .     k - +1 helmet
rElec  .         Dismiss  .     l - +0 cloak
rCorr  .         Reflect  .     (no gloves)
SustAt .         Harm     .     (no boots)
MR     .....                    (no amulet)
Stlth  ..........               G - ring of ice (curse)
                                z - ring of protection from fire

@: drained, not resistant to hostile enchantments, extremely unstealthy
A: no striking features
a: Depart the Abyss, Bend Space, Banish, Corrupt, Renounce Religion


You were on level 6 of the Dungeon.
You worshipped Lugonu.
Lugonu was greatly pleased with you.
You were not hungry.

You visited 2 branches of the dungeon, and saw 7 of its levels.
You visited the Abyss 1 time.

You collected 303 gold pieces.
You spent 60 gold pieces at shops.

Inventory:

Hand Weapons
 a - a +0 war axe (weapon)
 b - a +0 hunting sling
 h - a +2 hand axe
 t - a +0 whip of freezing
   (You took it off Pikel on level 5 of the Dungeon)
 u - a +0 quarterstaff
Missiles
 d - 64 bolts
 s - 14 poisoned needles
 x - 36 sling bullets
 I - 2 poisoned tomahawks (quivered)
 Z - 198 stones
Armour
 j - a +0 chain mail (worn)
 k - a +1 helmet (worn)
 l - a +0 cloak (worn)
Jewellery
 z - a ring of protection from fire (left hand)
 G - a cursed ring of ice (right hand)
Wands
 C - a wand of random effects (28/48)
Scrolls
 i - 2 scrolls of recharging
 m - a scroll of fog
 o - 2 scrolls of teleportation {!r}
 r - a scroll of magic mapping {!r}
 v - 5 scrolls of remove curse
 y - 2 scrolls of identify
 H - a scroll of random uselessness {unknown}
Potions
 e - 2 potions of flight
 g - 3 potions of curing
 q - 2 potions of cancellation {!q}
 B - a potion of brilliance {!q}
Books
 E - a book of Callings
 F - a book of the Sky
Comestibles
 c - 4 bread rations {!e}
 p - 4 fruits
 w - 2 meat rations {!e}
 A - a beef jerky


   Skills:
 - Level 4.0(3.3) Fighting
 * Level 11.6(10.7) Axes
 + Level 6.9(6.1) Armour
 - Level 0.7(0.0) Dodging
 - Level 2.4(1.7) Invocations


You had 7 spell levels left.
You didn't know any spells.

Dungeon Overview and Level Annotations

Branches:
Dungeon (6/15)             Temple (1/1) D:6

Altars:
Ashenzari
Cheibriados
Dithmenos
Elyvilon
Fedhas
Hepliaklqana
Makhleb
Okawaru
Pakellas
Qazlal
Uskayaw
Vehumet
Xom
The Shining One

Shops:
D:4 **(


Message History

* * * LOW HITPOINT WARNING * * *
Damage: 5 (max 14)
You are too injured to fight recklessly!
You are too injured to fight recklessly!
You are too injured to fight recklessly!
You are too injured to fight recklessly!
Your chain mail prevents you from hitting the deep elf mage.
The deep elf mage is lightly wounded.
The orc hits you but does no damage.
You hit the deep elf mage but do no damage.
The deep elf mage is lightly wounded.
The deep elf mage hits you but does no damage.
The orc hits you but does no damage.
You barely miss the deep elf mage.
The deep elf mage is lightly wounded.
The deep elf mage closely misses you. The orc hits you but does no damage.
You slash the deep elf mage!
The deep elf mage is moderately wounded.
The deep elf mage barely misses you. The orc closely misses you.
You slash the deep elf mage!
The deep elf mage is heavily wounded.
The deep elf mage hits you but does no damage.
You miss the deep elf mage.
The deep elf mage is heavily wounded.
The orc closely misses you.
The deep elf mage hits you with a rapier.
* * * LOW HITPOINT WARNING * * *
Damage: 2 (max 14)
You barely miss the deep elf mage.
The deep elf mage is heavily wounded.
The orc hits you from afar with a trident of freezing.
* * * LOW HITPOINT WARNING * * *
The orc freezes you.
* * * LOW HITPOINT WARNING * * *
A giant frog skeleton comes into view.
Damage: 6 (max 14)
You closely miss the deep elf mage.
The deep elf mage is heavily wounded.
The deep elf mage barely misses you. The orc barely misses you.
The giant frog skeleton hits you but does no damage.
The deep elf mage casts a spell.
The giant frog skeleton hits you but does no damage.
The giant frog skeleton hits you but does no damage.
The deep elf mage casts a spell.
The deep elf mage blinks!
The giant frog skeleton hits you.
* * * LOW HITPOINT WARNING * * *
Damage: 1 (max 14)
The deep elf mage points at you and mumbles some strange words.
The bolt of negative energy hits you!
You feel drained.
You die...

........#..##...# #.......#
..........###.4.# ##.#.##..#
########.....oo## #..#.##..#
#....###ยง## #.##.##..# ####.#.#
#..# #.# .##.. #......###..# ##.#
##..#
######...........#####..##.##...
..............eZ................
######..._.....@...........#####
#......###..#####.##### ##
#......# #..# #..# #. #..#####
#..# ##.## #. #####..#######..#
#..# #. #............#..###.## #.
###.###.######.#...#..##########.
........# #...................
###.###.# #.#...#.############


You could see an orange demon, a deep elf mage, an orc wizard and a giant frog
skeleton.

Vanquished Creatures
  Pikel (D:5)
  An orc warrior (D:6)
  2 ice beasts
  An ogre (D:4)
  A giant frog (D:6)
  A scorpion (D:4)
  3 crimson imps
  A hound (D:4)
  An orc priest (D:4)
  Ijyb (D:4)
  A giant frog skeleton (D:5)
  3 orc wizards
  4 worker ants
  4 gnolls
  7 adders
  An ooze (D:4)
  An adder zombie (D:5)
  5 worms
  A dart slug (D:1)
  3 giant geckos
  9 orcs
  6 bats
  4 giant cockroaches
  9 goblins
  4 hobgoblins
  7 jackals
  5 kobolds
  4 quokkas
  2 ball pythons
  5 giant newts
  A jackal skeleton (D:6)
  A quokka skeleton (D:5)
  10 rats
110 creatures vanquished.

Vanquished Creatures (others)
  An ogre (D:5)
  An orc priest (D:5)
  A hound zombie (D:5)
  An adder (D:5)
  2 orcs (D:5)
6 creatures vanquished.

Grand Total: 116 creatures vanquished

Notes
Turn   | Place    | Note
--------------------------------------------------------------
     0 | Abyss:1  | Gorice the Hill Orc Abyssal Knight began the quest for the Orb.
     0 | Abyss:1  | Reached XP level 1. HP: 19/19 MP: 2/2
    51 | D:1      | Escaped the Abyss
   103 | D:1      | Reached skill level 3 in Axes
   462 | D:1      | Reached XP level 2. HP: 27/27 MP: 3/3
   795 | D:1      | Reached skill level 4 in Axes
   817 | D:1      | Reached XP level 3. HP: 17/33 MP: 4/4
   872 | D:1      | Reached skill level 4 in Fighting
  1125 | D:2      | Reached ** piety under Lugonu
  1558 | D:2      | Reached XP level 4. HP: 32/40 MP: 5/5
  1654 | D:2      | Reached skill level 5 in Axes
  1845 | D:2      | Upgraded the game from 0.19-a0-706-g03de5d9 to 0.19-a0-713-g934ebc7
  1953 | D:3      | Found a faded altar of an unknown god.
  2128 | D:3      | Found a shattered altar of Ashenzari.
  2160 | D:3      | Reached skill level 3 in Armour
  2199 | D:3      | Reached XP level 5. HP: 30/46 MP: 6/6
  2461 | D:3      | Reached skill level 6 in Axes
  2518 | D:4      | Found Kiawu's Weapon Boutique.
  2533 | D:4      | Reached XP level 6. HP: 38/52 MP: 7/7
  2612 | D:4      | Reached *** piety under Lugonu
  2662 | D:4      | Reached skill level 4 in Armour
  2940 | D:4      | Reached skill level 7 in Axes
  3023 | D:4      | HP: 7/52 [ogre/giant club (17)]
  3179 | D:4      | Noticed Ijyb
  3206 | D:4      | Killed Ijyb
  3331 | D:4      | Found Suzxossa's General Store.
  3366 | D:4      | Reached XP level 7. HP: 42/59 MP: 8/8
  3512 | D:4      | Found Orcham's Assorted Antiques.
  3557 | D:4      | Reached skill level 8 in Axes
  3767 | D:4      | Bought 2 scrolls labeled YKALYUSUSTRE for 60 gold pieces
  3792 | D:5      | Entered Level 5 of the Dungeon
  3882 | D:5      | Noticed Pikel
  3935 | D:4      | Reached skill level 5 in Armour
  4127 | D:5      | Killed Pikel
  4127 | D:5      | Reached skill level 10 in Axes
  4127 | D:5      | Reached skill level 6 in Armour
  4127 | D:5      | Reached XP level 8. HP: 65/66 MP: 9/9
  4165 | D:5      | Found a radiant altar of Vehumet.
  4166 | D:5      | Found a burning altar of Makhleb.
  4611 | D:5      | Reached **** piety under Lugonu
  5051 | D:6      | Reached skill level 11 in Axes
  5052 | D:6      | Found a staircase to the Ecumenical Temple.
  5085 | Temple   | Entered the Ecumenical Temple
  5322 | D:6      | Found a stormy altar of Qazlal.
  5390 | D:6      | Found a snail-covered altar of Cheibriados.
  5434 | D:6      | Noticed a troll
  5475 | D:5      | HP: 13/66 [troll (10)]
  5483 | D:5      | HP: 11/66 [troll (12)]
  5486 | D:5      | HP: 3/66 [troll (9)]
  5912 | D:6      | Noticed a deep elf mage
  5958 | D:6      | HP: 19/66 [orc/trident of freezing (5)]
  5964 | D:6      | HP: 18/66 [deep elf mage/rapier (3)]
  5968 | D:6      | Noticed an orange demon
  5969 | D:6      | HP: 11/66 [giant frog skeleton (2)]
  5971 | D:6      | Killed from afar by a deep elf mage

Vault maps used:
D:1:      saegor_arrival_under_anarchy, hangedman_decor_lopped
D:2:      serial_glass, glass_columns_a, glass_columns_a
D:3:      evilmike_ruin_ashenzari, first_bread, ecumenical_altar_2
D:4:      kennysheep_goblin_castle, serial_shops, nicolae_shop_statue_plus,
          kennysheep_mini_moat, shop
D:5:      grunt_temple_overflow_lords_of_destruction, gup_sewer_entry_spiral,
          kennysheep_doodads, uniq_pikel
D:6:      nicolae_qazlal_general_emergency, grunt_temple_overflow_open,
          minmay_temple_entry_junction, basic_altar, guppyfry_early_elven_hall
Temple:   roderic_octagonal_lattice_temple
Abyss:1:  hangedman_stitches_earthworm

Skill      XL: |  1  2  3  4  5  6  7  8 |
---------------+-------------------------+-----
Axes           | 3 4 5 6 7 10 11 | 11.6
Fighting       | 4 |  4.0
Armour         | 3 4 6 |  6.9
Dodging        | |  0.7
Invocations    | |  2.4

Action                   |  1- 3 |  4- 6 |  7- 9 || total
-------------------------+-------+-------+-------++-------
Melee: Hand axe          |   135 |   160 |    12 ||   307
       War axe           |       |    55 |   178 ||   233
 Fire: Hunting sling     |       |    16 |     4 ||    20
Throw: Tomahawk          |     7 |     7 |       ||    14
       Stone             |       |    17 |     2 ||    19
  Use: Scroll            |     5 |    11 |     4 ||    20
       Potion            |       |     1 |     6 ||     7
  Eat: Chunk             |     2 |     6 |     6 ||    14
       Meat ration       |       |       |     1 ||     1
Armor: Leather armour    |     6 |       |       ||     6
       Chain mail        |    89 |   151 |   137 ||   377
Dodge: Dodged            |    57 |    78 |    77 ||   212

Table legend:
 A = Turns spent in this place as a percentage of turns spent in the entire game.
 B = Non-inter-level travel turns spent in this place as a percentage of non-inter-level travel turns spent in the entire game.
 C = Inter-level travel turns spent in this place as a percentage of turns spent in this place.
 D = Turns resting spent in this place as a percentage of non-inter-level travel turns spent in this place.
 E = Turns spent auto-exploring this place as a percentage of non-inter-level travel turns spent in this place.
 F = Non-inter-level travel turns spent in this place divided by the number of levels of this place that you've seen.
                   A       B       C       D       E      F
               +-------+-------+-------+-------+-------+----------------------
         Total | 100.0 | 100.0 |   0.6 |   1.0 |   3.8 | 338.2
       Dungeon |  97.4 |  97.4 |   0.5 |   1.0 |   3.5 | 439.2
        Temple |   0.5 |   0.5 |   7.1 |   0.0 |  92.3 |  13.0
         Abyss |   2.1 |   2.1 |   0.0 |   0.0 |   0.0 |  58.0
               +-------+-------+-------+-------+-------+----------------------

Vault maps used:
D:1:      saegor_arrival_under_anarchy, hangedman_decor_lopped
D:2:      serial_glass, glass_columns_a, glass_columns_a
D:3:      evilmike_ruin_ashenzari, first_bread, ecumenical_altar_2
D:4:      kennysheep_goblin_castle, serial_shops, nicolae_shop_statue_plus,
          kennysheep_mini_moat, shop
D:5:      grunt_temple_overflow_lords_of_destruction, gup_sewer_entry_spiral,
          kennysheep_doodads, uniq_pikel
D:6:      nicolae_qazlal_general_emergency, grunt_temple_overflow_open,
          minmay_temple_entry_junction, basic_altar, guppyfry_early_elven_hall
Temple:   roderic_octagonal_lattice_temple
Abyss:1:  hangedman_stitches_earthworm
